 Dungeon Crawl Stone Soup version 0.26.0-10-g1f06aea511 (webtiles) character file.

Game seed: 11233840175364761916

53 gruber the Insei (level 3, -7/23 HPs)
             Began as an Octopode Transmuter on Jan 15, 2021.
             Mangled by Sigmund
             ... wielding a +0 scythe
              (11 damage)
             ... on level 2 of the Dungeon.
             The game lasted 00:01:21 (1545 turns).

gruber the Insei (Octopode Transmuter)              Turns: 1545, Time: 00:01:21

Health: -7/23      AC:  2    Str:  9    XL:     3   Next: 89%
Magic:  3/6        EV: 19    Int: 16    God:
Gold:   65         SH:  0    Dex: 17    Spells: 2/6 levels left

rFire    . . .     SeeInvis .     - Unarmed
rCold    . . .     Faith    .   (shield currently unavailable)
rNeg     . . .     Spirit   .   (helmet currently unavailable)
rPois    x         Reflect  .   (no amulet)
rElec    .         Harm     .   (no ring)
rCorr    .         Rampage  .   (no ring)
Will     .....                  (no ring)
Stlth    ++........             (no ring)
HPRegen  0.07/turn              (no ring)
MPRegen  0.10/turn              (no ring)
                                (no ring)
                                (no ring)

@: spider-form (expiring)
A: tiny, almost no armour, stealthy swim, (amphibious), 8 rings, (constrict 8)
a: End Transformation


You were on level 2 of the Dungeon.
You were a venomous arachnid creature.
You visited 1 branch of the dungeon, and saw 2 of its levels.

You collected 65 gold pieces.

Inventory:

Scrolls
 a - a scroll of fog {unknown}
 b - a scroll of magic mapping {unknown}
 c - 4 scrolls of identify {unknown}
 d - 3 scrolls of remove curse {unknown}
 e - a scroll of amnesia {unknown}
 f - a scroll of teleportation {unknown}
Potions
 g - 2 potions of heal wounds {unknown}
 h - a potion of might {unknown}


   Skills:
 - Level 1.0 Fighting
 - Level 2.0 Dodging
 + Level 4.7 Unarmed Combat
 - Level 2.0 Spellcasting
 - Level 2.0 Transmutations


You had 2 spell levels left.
You knew the following spells:

 Your Spells              Type           Power        Failure   Level
a - Beastly Appendage     Tmut           16%          22%         1
b - Spider Form           Tmut/Pois      2%           61%         3

Your spell library contained the following spells:

 Spells                   Type           Power        Failure   Level
 Wereblood                Tmut           8%           32%         2
 Ice Form                 Ice/Tmut       4%           92%         4
 Blade Hands              Tmut           4%           98%         5


Dungeon Overview and Level Annotations

Branches:
Dungeon (2/15)

Altars:
Fedhas

Annotations:
D:2 Sigmund


Innate Abilities, Weirdness & Mutations

You cannot wear most types of armour.
You are very stealthy in the water. (Stealth+)
((You are amphibious.))
You can wear up to eight rings at the same time.
((You can use your tentacles to constrict eight enemies at once.))
((Your skin changes colour to match your surroundings (Stealth+).))
((Your rubbery body absorbs attacks. (AC +1, EV +1)))


Message History

Unknown command.
You barely miss the adder.
The adder is moderately wounded.
The adder completely misses you. The adder barely misses you.
You hit the adder.
The adder is poisoned.
The adder is moderately wounded.
Something hits you. The adder misses you.
You barely miss the adder.
The adder is heavily wounded.
Your transformation is almost over.
The adder bites you. Something hits you.
You hit the adder.
The adder looks as sick as possible!
The adder is severely wounded.
You kill the adder!
Something hits you!
Ouch! That really hurt!
* * * LOW HITPOINT WARNING * * *
You hit something. You hit something. Something hits you!
You die...

###.# #....#.# ##.....# # ##.#.##
#.##...# ##.......
####.....######.##...####........
'.......................'....)...
##........######.....####........
##.##.###.# #.##.## ##.......
#.##.# #.# #.#### ##.....# #.##.#
#.# #.# ##...## #.##.. #)# #s#
##+## #.###. #.# #{# ..# #.# #.#
#.# #.# #.. #.. #.. #...


There were no monsters in sight!

Vanquished Creatures
  2 adders (D:2)
  3 dart slugs (D:1)
  4 bats (D:1)
  A goblin (D:2)
  4 hobgoblins (D:1)
  4 jackals
  5 kobolds (D:1)
  2 frilled lizards (D:1)
  3 rats (D:1)
28 creatures vanquished.

Notes
Turn   | Place    | Note
-------+----------+-------------------------------------------
     0 | D:1      | gruber the Octopode Transmuter began the quest for the Orb.
     0 | D:1      | Reached XP level 1. HP: 13/13 MP: 3/3
   177 | D:1      | Reached XP level 2. HP: 16/18 MP: 3/5
   579 | D:1      | Reached skill level 4 in Unarmed Combat
   866 | D:1      | Reached XP level 3. HP: 23/23 MP: 6/6
  1043 | D:1      | Learned a level 3 spell: Spider Form
  1235 | D:2      | Found a blossoming altar of Fedhas.
  1533 | D:2      | Noticed Sigmund
  1545 | D:2      | Mangled by Sigmund

Illustrated notes

Levels and vault maps discovered:
D:1:      giann_forest_graveyard, layout_basic
D:2:      layout_loops_corners, chequers_arboretum, fedhas_ov_isle_minmay,
          uniq_sigmund

Skill      XL: |  1  2 |
---------------+-------+-----
Unarmed Combat | 4 |  4.7
Fighting       | |  1.0
Dodging        | |  2.0
Spellcasting   | |  2.0
Transmutations | |  2.0

Action                   || total
-------------------------++-------
Melee: Unarmed           ||    71
       Constrict         ||    22
       Tentacles         ||     8
       Kick              ||     5
       Punch             ||     1
 Cast: Beastly Appendage ||    10
       Spider Form       ||     1
 Stab: Sleeping          ||     3
Armor: Skin              ||     9
Dodge: Dodged            ||    46
